← All builds
Tech / Armada / Economy first / OBSERVED BUILD

Standard tech

Armada Tech (Eco) build order · Supreme Isthmus

Rushes T2 factory and T2 constructor early, upgrades team mexes, and supplies the team with T2 constructors while transitioning into eco and defensive units.

Usually first T2 con to Geo (82%)

#t2 #eco #team support · 1786 distinct matches · 271 players · 59% of Armada Tech games · team won 54% of 2112 · Recently observed

HOW TO PLAY IT

Key timing: T2 factory by 4:15

  1. Open 3 mex and heavy wind to fund a fast T2 rush.
  2. Put down Bot Lab, planning to eat it for reclaim soon after.
  3. Get Advanced Bot Lab up, hitting the T2 factory rush timing.
  4. Upgrade mex to Advanced Metal Extractor to lock in team metal income.
  5. Eat Advanced Bot Lab and keep sending cons to Geo and Pond.

Phase by phase

TYPICAL OF ITS 1786 GAMES
  1. 1
  2. 2
  3. 3
  4. 4
PLAY THE OPENING

Follow the example game's first 6:00 step by step: what to build now, what comes next, and where it goes. At 1× it keeps pace with your own game.

  1. 1

    Up to the Bot Lab

    Economy
    • Metal Extractor3Mex
    • Wind Turbine4Wind
    Order
    1. Bot LabBot Lab after 3 mex, 4 winddone ~1:18, middle half 1:13–1:32

    Some games also: energy storage (32%)

    By 1:01 in all: 3 mex · 4 wind

    The example game in this phase · 3 steps
    1. Mex ×3
    2. Wind ×4
    3. Bot LabBot Labdone 1:15 · typical 1:18
  2. 2

    Bot Lab to Advanced Bot Lab

    Economy
    • Metal Extractor1Mex
    • Wind Turbine8Wind
    • Energy Storage1Energy storage
    Order
    1. Advanced Bot LabAdvanced Bot Lab after 4 mex, 12 wind, 3 con turretdone ~4:16, middle half 4:04–4:30
    Builders
    • Construction Turret3 Con turret
    • Lazarus3 Lazarus
    • Construction Bot2 Con bot
    • Construction Bot1 Con bot for allies

    Some games also: converter (36%)

    By 3:18 in all: 4 mex · 12 wind · 1 energy storage · 3 con turret

    The example game in this phase · 18 steps
    1. Wind
    2. Construction BotCon bot
    3. Wind
    4. LazarusLazarus
    5. Wind ×2
    6. LazarusLazarus
    7. Wind
    8. Mex
    9. Construction BotCon bot
    10. Wind
    11. Energy storage
    12. Construction BotCon botfor Air
    13. Con turret
    14. Wind
    15. LazarusLazarus
    16. Con turret
    17. Wind
    18. Advanced Bot LabAdvanced Bot Labdone 3:46 · typical 4:16
  3. 3

    Advanced Bot Lab to 5:00

    Economy
    • Wind Turbine3Wind
    Order
    1. Bot LabEat Bot Lab
    Builders
    • Advanced Construction Bot1 T2 con bot for allies

    Some games also: converter (35%)

    By 5:00 in all: 4 mex · 15 wind · 1 converter · 1 energy storage · 3 con turret

    The example game in this phase · 8 steps
    1. Bot LabEat Bot Labreclaimed for its metal
    2. Wind ×3
    3. Advanced Construction BotT2 con botfor Geo
    4. Wind
    5. Advanced Metal ExtractorT2 mexdone 4:46 · typical 5:28
    6. Wind
    7. GunslingerGunslingerfor Ponddone 5:37
    8. Wind
  4. 4

    5:00 to 10:00

    Economy
    • Wind Turbine43Wind
    • Energy Converter6Converter
    Builders
    • Butler9 Butler
    • Advanced Construction Bot4 T2 con bot for allies
    • Advanced Construction Bot1 T2 con bot

    Some games also: con turret (42%) · Butler for allies (36%)

    By 10:00 in all: 4 mex · 59 wind · 8 converter · 1 energy storage · 3 con turret

    The example game in this phase · 242 steps
    1. Wind ×2
    2. Advanced Construction BotT2 con botfor Air
    3. Wind
    4. Advanced Metal ExtractorT2 mex
    5. Wind
    6. Advanced Metal ExtractorT2 mex
    7. SharpshooterSniper botnot finished by 15:00
    8. Wind
    9. SharpshooterSniper botfor Pond
    10. Wind ×3
    11. Advanced Construction BotT2 con botfor Pond
    12. ButlerButler ×2
    13. Wind
    14. ButlerButler ×3
    15. Wind
    16. Advanced Metal ExtractorT2 mex
    17. Wind
    18. ButlerButler
    19. Wind
    20. ButlerButler
    21. Wind ×2
    22. ButlerButler
    23. Wind
    24. Advanced Construction BotT2 con botfor Beach sea
    25. Wind ×9
    26. ButlerButler
    27. Wind ×4
    28. ButlerButler
    29. Wind ×6
    30. ButlerButler
    31. Wind ×3
    32. Advanced Construction BotT2 con botfor Geo sea
    33. Wind ×13
    34. FatboyFatboyfor Ponddone 10:41
    35. Wind
    36. Converter
    37. Wind ×4
    38. Converter
    39. Wind ×5
    40. Converter
    41. Wind ×4
    42. Converter
    43. Wind ×4
    44. Converter
    45. Wind ×3
    46. Converter
    47. Wind ×5
    48. Converter
    49. Wind ×3
    50. Converter
    51. Wind ×5
    52. Converter
    53. Wind
    54. Con turret
    55. Wind ×2
    56. HoundHoundfor Front
    57. Wind ×2
    58. Converter
    59. Wind ×2
    60. Con turret
    61. Wind ×2
    62. Converter
    63. Wind
    64. HoundHoundfor Front
    65. Wind ×3
    66. Vehicle PlantVehicle Plantdone 11:32
    67. Wind ×2
    68. Converter
    69. HoundHoundfor Front
    70. Wind ×4
    71. Converter
    72. Wind ×3
    73. HoundHoundfor Front
    74. Wind ×2
    75. BlitzBlitzfor Front
    76. Converter
    77. Wind
    78. HoundHoundfor Front
    79. Wind ×2
    80. BlitzBlitzfor Front
    81. Wind
    82. Converter
    83. Wind ×3
    84. BlitzBlitzfor Front
    85. Wind ×2
    86. BlitzBlitzfor Front
    87. Converter
    88. Wind ×2
    89. BlitzBlitzfor Front
    90. Wind
    91. BlitzBlitzfor Front
    92. Wind ×3
    93. Converter
    94. BlitzBlitzfor Front
    95. Wind ×2
    96. BlitzBlitzfor Front
    97. Wind
    98. Converter
    99. BlitzBlitzfor Front
    100. Wind ×3
    101. BlitzBlitzfor Front
    102. Wind ×2
    103. BlitzBlitzfor Front
    104. Converter
    105. Wind ×3
    106. BlitzBlitzfor Front
    107. Wind
    108. Converter
    109. Wind
    110. BlitzBlitzfor Front
    111. Wind ×2
    112. BlitzBlitzfor Front
    113. Wind ×2
    114. BlitzBlitzfor Front
    115. Wind
    116. Converter
    117. Wind ×2
    118. ButlerButler
    119. Wind ×2
    120. Converter
    121. Wind ×3
    122. Vehicle PlantEat Vehicle Plantreclaimed for its metal
    123. ButlerButler
    124. Wind ×2
    125. Converter
    126. Wind ×2
    127. ButlerButler
    128. Wind ×2
    129. Converter
    130. Wind ×3
    131. ButlerButler
    132. Converter
    133. Wind ×2
    134. ButlerButler
    135. Wind
    136. Converter
    137. Con turret
    138. Wind ×5
    139. Converter ×2
    140. Wind ×3
    141. Converter
    142. Wind ×3
    143. Converter
    144. Wind ×3
    145. Vehicle PlantVehicle Plantdone 13:24
    146. Converter
    147. Wind ×3
    148. Bot LabBot Labdone 13:29
    149. BlitzBlitzfor Suicide front
    150. Wind
    151. Converter
    152. Wind
    153. Converter
    154. Wind ×2
    155. PawnPawnfor Suicide front
    156. Wind ×3
    157. PawnPawnfor Suicide front
    158. Converter
    159. Wind ×2
    160. PawnPawnfor Suicide front
    161. Wind
    162. PawnPawnfor Suicide front
    163. Converter
    164. Wind
    165. PawnPawnfor Suicide front
    166. Wind ×3
    167. Converter
    168. PawnPawnfor Suicide front
    169. Wind
    170. PawnPawnfor Suicide front
    171. Wind ×3
    172. PawnPawnfor Suicide front
    173. Converter
    174. PawnPawnfor Suicide front
    175. Wind
    176. Converter
    177. Wind ×3
    178. PawnPawn ×2for Suicide front
    179. Wind ×2
    180. PawnPawnfor Suicide front
    181. Wind ×2
    182. Converter
    183. PawnPawnfor Suicide front
    184. Con turret
    185. Wind ×4
    186. Converter
    187. Wind ×3
    188. PawnPawnfor Suicide front
    189. Wind
    190. Converter
    191. PawnPawnfor Suicide front
    192. Wind ×2
    193. PawnPawn
    194. Wind
    195. Converter
    196. Wind
    197. PawnPawn
    198. Wind
    199. Converter
    200. PawnPawn
    201. Wind ×2
    202. PawnPawn
    203. Wind ×2
    204. PawnPawn
    205. Wind
    206. PawnPawn
    207. Converter
    208. UmbrellaAnti-nukenot finished by 15:00
    209. Wind ×3
    210. Converter
    211. PawnPawn
    212. Wind ×4
    213. Converter
    214. Vehicle PlantEat Vehicle Plantreclaimed for its metal
    215. Wind ×3
    216. PawnPawn
    217. Converter
    218. Wind ×2
    219. Converter
    220. Wind ×6
    221. PawnPawn
    222. Converter
    223. Wind ×3
    224. PawnPawn
    225. Wind
    226. PawnPawn
    227. Wind ×2
    228. Converter
    229. Wind
    230. PawnPawn
    231. Wind
    232. Converter
    233. Wind
    234. PawnPawn
    235. Wind ×2
    236. PawnPawn
    237. Wind ×2
    238. PawnPawn
    239. Wind ×2
    240. Converter ×2
    241. PawnPawn
    242. Wind ×4

Counts are medians over the build's games: half of them build more, half fewer. The example game is [NWP]1347's (37 OS, 15/10/2026); pick another.

Team trades

IN AT LEAST 30% OF ITS GAMES

You hand over

  • Construction Bot1 Con bot to Airfirst at 2:23 · in 83% of games
  • Advanced Construction Bot5 T2 con bot to Air or Geo sea or Pondfirst at 4:51 · in 99% of games
  • Butler2 Butler to Geo sea or Beach sea or Pondfirst at 9:06 · in 42% of games

You get

  • Hercules1 Light transport from Airfirst at 4:01 · in 86% of games

How it plays out

Typical game of this build, running totals by minute

Metal produced

020k40k
0:005:0010:0015:00

metal

Enemy metal destroyed

050100
0:005:0010:0015:00

metal

Own metal lost

050100150
0:005:0010:0015:00

metal

2112 games.

Show as table
ByMetal produced: This buildEnemy metal destroyed: This buildOwn metal lost: This build
1:0038300
2:0091500
3:00165500
4:00314900
5:00484700
6:00580500
7:00724600
8:00908400
9:001121400
10:001354100
11:001625700
12:001967800
13:002346100
14:0027368074
15:003160391130
WHAT THE NUMBERS SAY

Standard Tech play barely fights at all early, instead pouring metal into T2 infrastructure and constructors for the team.

  • + Metal produced hits 31679 by 15:00, by far the highest of any role here.
  • + T2 factory reached in 97% of games by 4:15, fastest and most reliable T2 timing.
  • − Enemy metal destroyed stays at 0 through 10:00, no early offense at all.
  • − Own metal lost also near 0, showing total avoidance of combat risk.
THE EXAMPLE YOU ARE READING

[NWP]1347

36.7 OS · 15/10/2026

Open source match ↗

2 received units
3964 metal received · 46035 energy received

Allied construction assistance is unknown. Timings are observations, not a promise of solo reproducibility.

Typical milestones

Bot Lab1:18Middle 50%: 1:13–1:32 · n=2112
Advanced Bot Lab4:16Middle 50%: 4:04–4:30 · n=2105
Advanced Metal Extractor5:28Middle 50%: 5:05–5:58 · n=2108

Played most by

Amrissa97games of this buildTheGeneraI70games of this buildAdeus62games of this buildUncle_Cane60games of this buildCrouxy54games of this build